Flames vs Wilds

Created - 22 mars 2022 at 15:57

Goals
1 2 3 T
Flames 0 0 1 1
Wilds 1 0 2 3
Shots
1 2 3 T
Flames 4 13 7 24
Wilds 5 3 9 17

GoalsPenalties
1st period
1. Wilds , Calle Jarnkrok 13 (Brandon Sutter 28, Shayne Gostisbehere 27) at 4:37
Matthew Tkachuk (CAL) for Goalie Interference (Minor) at 18:28
2nd period
No Goal
Luca Sbisa (MIN) for Hooking (Minor) at 1:38
Ethan Bear (MIN) for Hooking (Minor) at 5:56
Kevin Shattenkirk (MIN) for High sticking (Minor) at 8:00
3rd period
2. Wilds , Charles Hudon 9 (Kevin Shattenkirk 37, Rasmus Asplund 6) at 2:53
3. Wilds , Casey Mittelstadt 1 (Jesper Fast 14, Jordan Kyrou 20) at 5:13
4. Flames , Christopher Tanev 7 (Mikael Backlund 32, Noah Hanifin 29) at 15:57
Mikael Backlund (CAL) for Hooking (Minor) at 5:51
Rasmus Andersson (CAL) for Roughing (Minor) at 11:59
Goalie Stats
Mackenzie Blackwood (CAL), 14 saves from 17 shots - (0,824), L, 31-17-5, 60:00 minutes
Devan Dubnyk (MIN), 23 saves from 24 shots - (0,958), W, 20-30-6, 60:00 minutes
3 StarsOfficial
1 - Charles Hudon (MIN)
2 - Calle Jarnkrok (MIN)
3 - Devan Dubnyk (MIN)
Referees : Evgeny Romasko and Mike Leggo
Linesman : Tony Sericolo and John Grandt
Game Note
No Game Note



Team Name Goals Shots Shots Attemp Shots Blocked PIM HIT PP PK FO%
Flames 12451116260 / 3 (0%)053%
Wilds 3174266230 / 3 (0%)047%

Flames
Player Name POS G A P +/- PIM HIT SHT SB MP PP MP PP SHT PK MP PK SHT FO% FOT
Andrew CoglianoC/LW000001106:490:0000:00063% 8
Andrew MangiapaneLW/RW000000106:540:0000:0500% 0
Anze KopitarC0001000019:393:2001:21054% 26
Ben ChiarotD0000000219:030:0003:1500% 0
Blake ColemanC/LW/RW000-2032017:412:2214:31067% 3
Christopher TanevD1010011319:130:0003:1500% 0
Elias LindholmC/RW000-1047019:063:3510:00039% 23
Jake McCabeD0000010118:300:0002:4200% 0
Matt CalvertLW/RW000001018:100:0001:2100% 0
Matthew TkachukLW/RW000-1250019:053:3500:0000% 1
Max PaciorettyLW0001031017:202:2200:000100% 1
Mikael BacklundC/RW0111213017:192:2210:00075% 4
Mike MathesonD000-2020118:422:2200:0000% 0
Nick BoninoC000-2000015:340:1504:31062% 21
Noah HanifinD0110012121:022:2212:4200% 0
Paul StastnyC/LW000-2001010:480:0000:0000% 0
Rasmus AnderssonD000-2230119:543:3500:0000% 0
Ryan Nugent-HopkinsC/LW000-1005119:113:3510:0500% 1
Wilds
Player Name POS G A P +/- PIM HIT SHT SB MP PP MP PP SHT PK MP PK SHT FO% FOT
Anthony AngelloC000104209:440:0000:000100% 1
Brandon SutterC/RW0111001020:243:1703:31051% 35
Calle JarnkrokC/LW/RW1011003018:553:1702:0200% 0
Casey MittelstadtC1010001013:150:0000:24029% 14
Charles HudonLW/RW101101109:440:0000:0000% 1
Colin WhiteC/RW0000030014:352:4000:0000% 1
Drake BathersonRW0001032016:533:1700:00050% 6
Ethan BearD0001221325:282:3212:3700% 0
Jesper FastRW0110011019:022:4003:3100% 0
Jordan KyrouC/LW/RW0110002013:150:0000:2400% 0
Josh LeivoLW/RW0000001011:550:0000:000100% 1
Kevin ShattenkirkD0110202115:452:3220:0000% 0
Luca SbisaD0001240025:023:2501:5500% 0
Luke SchennD0000010116:010:0002:4700% 0
Nick LeddyD0001000121:133:2503:1600% 0
Nico SturmC/LW0000040016:372:4002:02027% 15
Rasmus AsplundC/LW/RW011100009:440:0000:00071% 14
Shayne GostisbehereD0111000016:280:0001:1900% 0

Flames

5 vs 5 Forward
Line #Left WingCenterRight WingPHYDFOFWanted %Time %Time Play
1Ryan Nugent-HopkinsElias LindholmMatthew Tkachuk1223232%15:31
2Max PaciorettyAnze KopitarMikael Backlund1223031%14:58
3Paul StastnyNick BoninoBlake Coleman1222322%10:48
4Matt CalvertAndrew CoglianoAndrew Mangiapane1221514%6:49
5 vs 5 Defense
Line #DefenseDefensePHYDFOFWanted %Time %Time Play
1Noah HanifinChristopher Tanev1223433%15:58
2Mike MathesonRasmus Andersson1223334%16:20
3Ben ChiarotJake McCabe1223333%15:48
4Noah HanifinMike Matheson03200%0:00
Power Play Forward
Line #Left WingCenterRight WingPHYDFOFWanted %Time %Time Play
1Ryan Nugent-HopkinsAnze KopitarElias Lindholm1225060%3:35
2Max PaciorettyMikael BacklundBlake Coleman1225040%2:22
Power Play Defense
Line #DefenseDefensePHYDFOFWanted %Time %Time Play
1Matthew TkachukRasmus Andersson1225060%3:35
2Noah HanifinMike Matheson1225040%2:22
Penalty Kill 4 Players Forward
Line #CenterWingPHYDFOFWanted %Time %Time Play
1Nick BoninoBlake Coleman1316077%4:36
2Anze KopitarMatt Calvert1314023%1:21
Penalty Kill 4 Players Defense
Line #DefenseDefensePHYDFOFWanted %Time %Time Play
1Ben ChiarotChristopher Tanev1316055%3:15
2Noah HanifinJake McCabe1314045%2:42
Penalty Kill 3 Players
Line #WingPHYDFOFWanted %Time %Time PlayDefenseDefensePHYDFOFWanted %Time %Time Play
1Nick Bonino140500%0:00 Ben ChiarotChristopher Tanev140500%0:00
2Elias Lindholm140500%0:00 Noah HanifinJake McCabe140500%0:00
4 vs 4 Forward
Line #CenterWingPHYDFOFWanted %Time %Time Play
1Elias LindholmRyan Nugent-Hopkins122500%0:00
2Mikael BacklundMax Pacioretty122500%0:00
4 vs 4 Defense
Line #DefensePHYDFOFWanted %Time %Time Play
1Noah HanifinRasmus Andersson122500%0:00
2Mike MathesonChristopher Tanev122500%0:00
Last Minutes Offensive
Left WingCenterRight WingDefenseDefense
Ryan Nugent-HopkinsElias LindholmMatthew TkachukNoah HanifinChristopher Tanev
Last Minutes Defensive
Left WingCenterRight WingDefenseDefense
Elias LindholmAnze KopitarMatt CalvertJake McCabeChristopher Tanev
Time
Total ForwardTotal DefenseLast Minutes OffensiveLast Minutes Defensive
60:00 60:00 0:000:00
Extra Forwards
Normal PowerPlayPenalty Kill
Anze Kopitar, Max Pacioretty, Elias LindholmNick Bonino, Elias LindholmRyan Nugent-Hopkins
Extra Defensemen
Normal PowerPlayPenalty Kill
Christopher Tanev, Noah Hanifin, Rasmus AnderssonChristopher Tanev, Rasmus AnderssonMike Matheson
Penalty Shots
Anze Kopitar, Ryan Nugent-Hopkins, Max Pacioretty, Elias Lindholm, Matthew Tkachuk
Goalie
Mackenzie Blackwood, Casey DeSmith
Custom OT Lines Forwards
Elias Lindholm, Ryan Nugent-Hopkins, Max Pacioretty, Anze Kopitar, Mikael Backlund, Matthew Tkachuk, Nick Bonino, Blake Coleman, Andrew Mangiapane, Paul Stastny
Custom OT Lines Defensemen
Christopher Tanev, Noah Hanifin, Rasmus Andersson, Mike Matheson, Ben Chiarot
Scratches
Erik Gudbranson (Healthy), Chad Ruhwedel (Healthy), Mark Stone (Right Leg Injury)

Wilds

5 vs 5 Forward
Line #Left WingCenterRight WingPHYDFOFWanted %Time %Time Play
1Calle JarnkrokBrandon SutterDrake Batherson1222928%13:36
2Jordan KyrouCasey MittelstadtJesper Fast1222727%12:51
3Josh LeivoNico SturmColin White1222425%11:55
4Charles HudonRasmus AsplundAnthony Angello1222020%9:44
5 vs 5 Defense
Line #DefenseDefensePHYDFOFWanted %Time %Time Play
1Luca SbisaNick Leddy1223030%14:32
2Shayne GostisbehereEthan Bear1222831%15:03
3Luke SchennKevin Shattenkirk1222628%13:14
4Luca SbisaEthan Bear1221611%5:17
Power Play Forward
Line #Left WingCenterRight WingPHYDFOFWanted %Time %Time Play
1Calle JarnkrokBrandon SutterDrake Batherson1135555%3:17
2Colin WhiteNico SturmJesper Fast1134545%2:40
Power Play Defense
Line #DefenseDefensePHYDFOFWanted %Time %Time Play
1Ethan BearKevin Shattenkirk0235843%2:32
2Luca SbisaNick Leddy0234257%3:25
Penalty Kill 4 Players Forward
Line #CenterWingPHYDFOFWanted %Time %Time Play
1Brandon SutterJesper Fast1315866%3:55
2Calle JarnkrokNico Sturm1314234%2:02
Penalty Kill 4 Players Defense
Line #DefenseDefensePHYDFOFWanted %Time %Time Play
1Luca SbisaLuke Schenn2215540%2:24
2Ethan BearNick Leddy2214560%3:33
Penalty Kill 3 Players
Line #WingPHYDFOFWanted %Time %Time PlayDefenseDefensePHYDFOFWanted %Time %Time Play
1Brandon Sutter140580%0:00 Luke SchennEthan Bear230540%0:00
2Calle Jarnkrok140420%0:00 Luca SbisaKevin Shattenkirk230460%0:00
4 vs 4 Forward
Line #CenterWingPHYDFOFWanted %Time %Time Play
1Brandon SutterDrake Batherson122500%0:00
2Calle JarnkrokJesper Fast122500%0:00
4 vs 4 Defense
Line #DefensePHYDFOFWanted %Time %Time Play
1Luca SbisaLuke Schenn122530%0:00
2Ethan BearKevin Shattenkirk122470%0:00
Last Minutes Offensive
Left WingCenterRight WingDefenseDefense
Colin WhiteCalle JarnkrokDrake BathersonKevin ShattenkirkShayne Gostisbehere
Last Minutes Defensive
Left WingCenterRight WingDefenseDefense
Jesper FastBrandon SutterCalle JarnkrokLuke SchennEthan Bear
Time
Total ForwardTotal DefenseLast Minutes OffensiveLast Minutes Defensive
60:00 60:00 0:000:00
Extra Forwards
Normal PowerPlayPenalty Kill
Jesper Fast, Nico Sturm, Drake BathersonColin White, Jesper FastNico Sturm
Extra Defensemen
Normal PowerPlayPenalty Kill
Luca Sbisa, Kevin Shattenkirk, Ethan BearEthan Bear, Luca SbisaEthan Bear
Penalty Shots
Drake Batherson, Jesper Fast, Calle Jarnkrok, Brandon Sutter, Casey Mittelstadt
Goalie
Devan Dubnyk, Carter Hutton
Custom OT Lines Forwards
Drake Batherson, Calle Jarnkrok, Brandon Sutter, Jordan Kyrou, Jesper Fast, Colin White, Nico Sturm, Casey Mittelstadt, Anthony Angello, Rasmus Asplund
Custom OT Lines Defensemen
Luca Sbisa, Nick Leddy, Luke Schenn, Kevin Shattenkirk, Ethan Bear
Scratches
Juuso Riikola (Healthy), Oliver Kylington (Healthy)


Play-by-Play

1st period


0:01 of 1st period - Drake Batherson wins face-off versus Elias Lindholm in neutral zone.
0:14 of 1st period - Icing by Brandon Sutter.
0:15 of 1st period - Brandon Sutter wins face-off versus Anze Kopitar in Wilds zone.
0:23 of 1st period - Drake Batherson is hit by Max Pacioretty and loses puck.
1:34 of 1st period - Shot by Paul Stastny.
1:34 of 1st period - Stopped by Devan Dubnyk without a rebound.
1:35 of 1st period - Casey Mittelstadt wins face-off versus Elias Lindholm in Wilds zone.
1:35 of 1st period - Jordan Kyrou is hit by Matthew Tkachuk and loses puck.
1:52 of 1st period - Shot by Jesper Fast.
1:52 of 1st period - Shot Misses the Net.
3:02 of 1st period - Shot by Josh Leivo.
3:02 of 1st period - Stopped by Mackenzie Blackwood with a rebound.
3:04 of 1st period - Shot by Josh Leivo.
3:04 of 1st period - Shot Blocked by Ben Chiarot.
4:04 of 1st period - Casey Mittelstadt is hit by Rasmus Andersson and loses puck.
4:19 of 1st period - Icing by Nick Bonino.
4:20 of 1st period - Brandon Sutter wins face-off versus Nick Bonino in Flames zone.
4:20 of 1st period - Brandon Sutter is hit by Rasmus Andersson.
4:33 of 1st period - Shot by Brandon Sutter.
4:33 of 1st period - Shot Misses the Net.
4:35 of 1st period - Shot by Calle Jarnkrok.
4:35 of 1st period - Shot Misses the Net.
4:37 of 1st period - Shot by Calle Jarnkrok.
4:37 of 1st period - Goal by Calle Jarnkrok - Flames : 0 - Wilds : 1.
4:38 of 1st period - Anze Kopitar wins face-off versus Nico Sturm in neutral zone.
4:42 of 1st period - Noah Hanifin is hit by Colin White and loses puck.
5:37 of 1st period - Icing by Jake McCabe.
5:38 of 1st period - Anthony Angello wins face-off versus Elias Lindholm in Flames zone.
5:45 of 1st period - Shot by Elias Lindholm.
5:45 of 1st period - Stopped by Devan Dubnyk without a rebound.
5:46 of 1st period - Elias Lindholm wins face-off versus Rasmus Asplund in Wilds zone.
5:53 of 1st period - Shot by Ryan Nugent-Hopkins.
5:53 of 1st period - Stopped by Devan Dubnyk without a rebound.
5:54 of 1st period - Elias Lindholm wins face-off versus Rasmus Asplund in Wilds zone.
6:31 of 1st period - Shot by Ryan Nugent-Hopkins.
6:31 of 1st period - Shot Misses the Net.
6:41 of 1st period - Icing by Ethan Bear.
6:42 of 1st period - Anze Kopitar wins face-off versus Charles Hudon in Wilds zone.
7:33 of 1st period - Icing by Ethan Bear.
7:34 of 1st period - Rasmus Asplund wins face-off versus Andrew Cogliano in Wilds zone.
8:29 of 1st period - Shot by Elias Lindholm.
8:29 of 1st period - Shot Misses the Net.
10:05 of 1st period - Shot by Mikael Backlund.
10:05 of 1st period - Deflect By Anze Kopitar.
10:05 of 1st period - Shot Misses the Net.
10:13 of 1st period - Shot by Max Pacioretty.
10:13 of 1st period - Shot Blocked by Kevin Shattenkirk.
10:35 of 1st period - Shot by Blake Coleman.
10:35 of 1st period - Shot Misses the Net.
10:41 of 1st period - Shot by Blake Coleman.
10:41 of 1st period - Stopped by Devan Dubnyk with a rebound.
10:43 of 1st period - Shot by Blake Coleman.
10:43 of 1st period - Shot Misses the Net.
11:37 of 1st period - Casey Mittelstadt is hit by Matt Calvert and loses puck.
11:50 of 1st period - Icing by Ben Chiarot.
11:51 of 1st period - Andrew Cogliano wins face-off versus Rasmus Asplund in Flames zone.
11:51 of 1st period - Andrew Cogliano is hit by Anthony Angello.
12:12 of 1st period - Icing by Anthony Angello.
12:13 of 1st period - Rasmus Asplund wins face-off versus Elias Lindholm in Wilds zone.
12:29 of 1st period - Charles Hudon is hit by Mike Matheson.
12:51 of 1st period - Shot by Jordan Kyrou.
12:51 of 1st period - Stopped by Mackenzie Blackwood without a rebound.
12:52 of 1st period - Anze Kopitar wins face-off versus Casey Mittelstadt in Flames zone.
13:10 of 1st period - Off-side.
13:11 of 1st period - Nick Bonino wins face-off versus Drake Batherson in neutral zone.
13:35 of 1st period - Calle Jarnkrok is hit by Jake McCabe and loses puck.
13:42 of 1st period - Shot by Drake Batherson.
13:42 of 1st period - Stopped by Mackenzie Blackwood without a rebound.
13:43 of 1st period - Anze Kopitar wins face-off versus Casey Mittelstadt in Flames zone.
14:18 of 1st period - Shot by Luca Sbisa.
14:18 of 1st period - Shot Misses the Net.
14:43 of 1st period - Shot by Matthew Tkachuk.
14:43 of 1st period - Shot Blocked by Nick Leddy.
15:07 of 1st period - Off-side.
15:08 of 1st period - Brandon Sutter wins face-off versus Nick Bonino in neutral zone.
15:10 of 1st period - Off-side.
15:11 of 1st period - Drake Batherson wins face-off versus Nick Bonino in neutral zone.
15:29 of 1st period - Icing by Ethan Bear.
15:30 of 1st period - Brandon Sutter wins face-off versus Elias Lindholm in Wilds zone.
15:42 of 1st period - Shot by Elias Lindholm.
15:42 of 1st period - Shot Misses the Net.
15:53 of 1st period - Icing by Brandon Sutter.
15:54 of 1st period - Brandon Sutter wins face-off versus Nick Bonino in Wilds zone.
16:29 of 1st period - Shot by Nick Bonino.
16:29 of 1st period - Shot Misses the Net.
17:14 of 1st period - Icing by Noah Hanifin.
17:15 of 1st period - Anze Kopitar wins face-off versus Casey Mittelstadt in Flames zone.
17:38 of 1st period - Shot by Jesper Fast.
17:38 of 1st period - Shot Blocked by Noah Hanifin.
18:23 of 1st period - Off-side.
18:24 of 1st period - Elias Lindholm wins face-off versus Brandon Sutter in neutral zone.
18:28 of 1st period - Minor Penalty to Matthew Tkachuk for Goalie Interference.
18:29 of 1st period - Brandon Sutter wins face-off versus Nick Bonino in Flames zone.
18:56 of 1st period - Shot by Kevin Shattenkirk.
18:56 of 1st period - Stopped by Mackenzie Blackwood without a rebound.
18:57 of 1st period - Blake Coleman wins face-off versus Nico Sturm in Flames zone.
19:03 of 1st period - Icing by Colin White.
19:04 of 1st period - Nick Bonino wins face-off versus Nico Sturm in Wilds zone.
19:14 of 1st period - Icing by Nick Leddy.
19:15 of 1st period - Nick Bonino wins face-off versus Nico Sturm in Wilds zone.
19:15 of 1st period - Nick Bonino is hit by Luca Sbisa.
19:38 of 1st period - Icing by Luca Sbisa.
19:39 of 1st period - Nick Bonino wins face-off versus Nico Sturm in Wilds zone.
19:39 of 1st period - Blake Coleman is hit by Luca Sbisa and loses puck.
Goals for this period are 0 for Flames vs 1 for Wilds.
Shots for this period are 4 for Flames vs 5 for Wilds.

2nd period


0:01 of 2nd period - Brandon Sutter wins face-off versus Nick Bonino in neutral zone.
0:48 of 2nd period - Icing by Mike Matheson.
0:49 of 2nd period - Elias Lindholm wins face-off versus Casey Mittelstadt in Flames zone.
1:07 of 2nd period - Shot by Ryan Nugent-Hopkins.
1:07 of 2nd period - Stopped by Devan Dubnyk without a rebound.
1:08 of 2nd period - Andrew Cogliano wins face-off versus Brandon Sutter in Wilds zone.
1:37 of 2nd period - Shot by Andrew Mangiapane.
1:37 of 2nd period - Shot Misses the Net.
1:38 of 2nd period - Minor Penalty to Luca Sbisa for Hooking.
1:39 of 2nd period - Anze Kopitar wins face-off versus Brandon Sutter in Wilds zone.
1:52 of 2nd period - Shot by Ryan Nugent-Hopkins.
1:52 of 2nd period - Shot Misses the Net.
1:54 of 2nd period - Shot by Ryan Nugent-Hopkins.
1:54 of 2nd period - Stopped by Devan Dubnyk without a rebound.
1:55 of 2nd period - Brandon Sutter wins face-off versus Mikael Backlund in Wilds zone.
1:55 of 2nd period - Brandon Sutter is hit by Max Pacioretty.
2:07 of 2nd period - Shot by Mikael Backlund.
2:07 of 2nd period - Stopped by Devan Dubnyk without a rebound.
2:08 of 2nd period - Brandon Sutter wins face-off versus Anze Kopitar in Wilds zone.
2:18 of 2nd period - Off-side.
2:19 of 2nd period - Mikael Backlund wins face-off versus Brandon Sutter in neutral zone.
2:22 of 2nd period - Shot by Noah Hanifin.
2:22 of 2nd period - Stopped by Devan Dubnyk without a rebound.
2:23 of 2nd period - Mikael Backlund wins face-off versus Brandon Sutter in Wilds zone.
2:35 of 2nd period - Off-side.
2:36 of 2nd period - Brandon Sutter wins face-off versus Anze Kopitar in neutral zone.
2:47 of 2nd period - Ethan Bear is hit by Elias Lindholm.
3:03 of 2nd period - Shot by Calle Jarnkrok.
3:03 of 2nd period - Shot Blocked by Rasmus Andersson.
3:10 of 2nd period - Shot by Ryan Nugent-Hopkins.
3:10 of 2nd period - Deflect By Elias Lindholm.
3:10 of 2nd period - Stopped by Devan Dubnyk with a rebound.
3:12 of 2nd period - Shot by Elias Lindholm.
3:12 of 2nd period - Shot Blocked by Ethan Bear.
3:59 of 2nd period - Matt Calvert is hit by Anthony Angello and loses puck.
4:22 of 2nd period - Jake McCabe is hit by Anthony Angello and loses puck.
4:39 of 2nd period - Icing by Ben Chiarot.
4:40 of 2nd period - Casey Mittelstadt wins face-off versus Andrew Cogliano in Flames zone.
5:12 of 2nd period - Off-side.
5:13 of 2nd period - Brandon Sutter wins face-off versus Elias Lindholm in neutral zone.
5:13 of 2nd period - Brandon Sutter is hit by Elias Lindholm.
5:16 of 2nd period - Ethan Bear is hit by Matthew Tkachuk and loses puck.
5:25 of 2nd period - Shot by Ryan Nugent-Hopkins.
5:25 of 2nd period - Shot Hit the Post.
5:33 of 2nd period - Shot by Calle Jarnkrok.
5:33 of 2nd period - Stopped by Mackenzie Blackwood without a rebound.
5:34 of 2nd period - Anze Kopitar wins face-off versus Nico Sturm in Flames zone.
5:34 of 2nd period - Anze Kopitar is hit by Nico Sturm.
5:48 of 2nd period - Mikael Backlund is hit by Nico Sturm and loses puck.
5:56 of 2nd period - Minor Penalty to Ethan Bear for Hooking.
5:57 of 2nd period - Brandon Sutter wins face-off versus Anze Kopitar in Wilds zone.
7:11 of 2nd period - Icing by Noah Hanifin.
7:12 of 2nd period - Mikael Backlund wins face-off versus Brandon Sutter in Flames zone.
7:35 of 2nd period - Shot by Mike Matheson.
7:35 of 2nd period - Shot Misses the Net.
7:37 of 2nd period - Shot by Blake Coleman.
7:37 of 2nd period - Stopped by Devan Dubnyk without a rebound.
7:38 of 2nd period - Anze Kopitar wins face-off versus Brandon Sutter in Wilds zone.
7:56 of 2nd period - Elias Lindholm is hit by Anthony Angello and loses puck.
8:00 of 2nd period - Minor Penalty to Kevin Shattenkirk for High sticking.
8:01 of 2nd period - Brandon Sutter wins face-off versus Ryan Nugent-Hopkins in Wilds zone.
8:16 of 2nd period - Shot by Ryan Nugent-Hopkins.
8:16 of 2nd period - Shot Misses the Net.
8:36 of 2nd period - Shot by Ryan Nugent-Hopkins.
8:36 of 2nd period - Deflect By Elias Lindholm.
8:36 of 2nd period - Shot Misses the Net.
10:04 of 2nd period - Shot by Andrew Mangiapane.
10:04 of 2nd period - Deflect By Andrew Cogliano.
10:04 of 2nd period - Stopped by Devan Dubnyk without a rebound.
10:05 of 2nd period - Andrew Cogliano wins face-off versus Rasmus Asplund in Wilds zone.
10:18 of 2nd period - Shot by Andrew Mangiapane.
10:18 of 2nd period - Stopped by Devan Dubnyk without a rebound.
10:19 of 2nd period - Nico Sturm wins face-off versus Nick Bonino in Wilds zone.
10:21 of 2nd period - Ethan Bear is hit by Blake Coleman and loses puck.
11:48 of 2nd period - Shot by Matthew Tkachuk.
11:48 of 2nd period - Shot Misses the Net.
11:50 of 2nd period - Shot by Ryan Nugent-Hopkins.
11:50 of 2nd period - Stopped by Devan Dubnyk without a rebound.
11:51 of 2nd period - Anze Kopitar wins face-off versus Casey Mittelstadt in Wilds zone.
11:52 of 2nd period - Shot by Max Pacioretty.
11:52 of 2nd period - Shot Misses the Net.
12:07 of 2nd period - Casey Mittelstadt is hit by Rasmus Andersson and loses puck.
12:30 of 2nd period - Jesper Fast is hit by Mike Matheson and loses puck.
12:50 of 2nd period - Ethan Bear is hit by Matthew Tkachuk and loses puck.
13:18 of 2nd period - Ryan Nugent-Hopkins is hit by Ethan Bear and loses puck.
13:23 of 2nd period - Shot by Ryan Nugent-Hopkins.
13:23 of 2nd period - Shot Blocked by Ethan Bear.
13:25 of 2nd period - Shot by Noah Hanifin.
13:25 of 2nd period - Stopped by Devan Dubnyk without a rebound.
13:26 of 2nd period - Nick Bonino wins face-off versus Brandon Sutter in Wilds zone.
13:26 of 2nd period - Blake Coleman is hit by Luca Sbisa and loses puck.
14:43 of 2nd period - Shot by Mikael Backlund.
14:43 of 2nd period - Stopped by Devan Dubnyk without a rebound.
14:44 of 2nd period - Rasmus Asplund wins face-off versus Elias Lindholm in Wilds zone.
14:57 of 2nd period - Anthony Angello is hit by Elias Lindholm and loses puck.
15:05 of 2nd period - Icing by Shayne Gostisbehere.
15:06 of 2nd period - Rasmus Asplund wins face-off versus Anze Kopitar in Wilds zone.
15:26 of 2nd period - Icing by Ethan Bear.
15:27 of 2nd period - Rasmus Asplund wins face-off versus Elias Lindholm in Wilds zone.
15:58 of 2nd period - Shot by Calle Jarnkrok.
15:58 of 2nd period - Shot Blocked by Christopher Tanev.
16:22 of 2nd period - Shot by Drake Batherson.
16:22 of 2nd period - Stopped by Mackenzie Blackwood without a rebound.
16:23 of 2nd period - Anze Kopitar wins face-off versus Casey Mittelstadt in Flames zone.
16:49 of 2nd period - Shot by Jesper Fast.
16:49 of 2nd period - Deflect By Jordan Kyrou.
16:49 of 2nd period - Stopped by Mackenzie Blackwood without a rebound.
16:50 of 2nd period - Blake Coleman wins face-off versus Nico Sturm in Flames zone.
16:50 of 2nd period - Blake Coleman is hit by Colin White.
17:50 of 2nd period - Icing by Ethan Bear.
17:51 of 2nd period - Max Pacioretty wins face-off versus Nico Sturm in Wilds zone.
17:51 of 2nd period - Max Pacioretty is hit by Luca Sbisa.
18:26 of 2nd period - Nico Sturm is hit by Noah Hanifin and loses puck.
18:42 of 2nd period - Icing by Luca Sbisa.
18:43 of 2nd period - Nico Sturm wins face-off versus Elias Lindholm in Wilds zone.
19:05 of 2nd period - Icing by Mike Matheson.
19:06 of 2nd period - Brandon Sutter wins face-off versus Elias Lindholm in Flames zone.
19:13 of 2nd period - Shot by Calle Jarnkrok.
19:13 of 2nd period - Deflect By Drake Batherson.
19:13 of 2nd period - Shot Blocked by Mike Matheson.
19:19 of 2nd period - Shot by Elias Lindholm.
19:19 of 2nd period - Shot Blocked by Luke Schenn.
19:21 of 2nd period - Shot by Elias Lindholm.
19:21 of 2nd period - Stopped by Devan Dubnyk with a rebound.
19:23 of 2nd period - Shot by Elias Lindholm.
19:23 of 2nd period - Stopped by Devan Dubnyk without a rebound.
19:24 of 2nd period - Anze Kopitar wins face-off versus Casey Mittelstadt in Wilds zone.
19:33 of 2nd period - Luke Schenn is hit by Max Pacioretty and loses puck.
Goals for this period are 0 for Flames vs 0 for Wilds.
Shots for this period are 13 for Flames vs 3 for Wilds.

3rd period


0:01 of 3rd period - Brandon Sutter wins face-off versus Elias Lindholm in neutral zone.
0:12 of 3rd period - Shot by Elias Lindholm.
0:12 of 3rd period - Shot Misses the Net.
0:14 of 3rd period - Shot by Elias Lindholm.
0:14 of 3rd period - Shot Misses the Net.
0:16 of 3rd period - Shot by Elias Lindholm.
0:16 of 3rd period - Shot Hit the Post.
0:19 of 3rd period - Matthew Tkachuk is hit by Ethan Bear and loses puck.
0:23 of 3rd period - Icing by Ethan Bear.
0:24 of 3rd period - Brandon Sutter wins face-off versus Anze Kopitar in Wilds zone.
0:39 of 3rd period - Shot by Drake Batherson.
0:39 of 3rd period - Shot Misses the Net.
1:18 of 3rd period - Elias Lindholm is hit by Drake Batherson and loses puck.
1:53 of 3rd period - Shot by Jordan Kyrou.
1:53 of 3rd period - Shot Misses the Net.
2:03 of 3rd period - Shot by Jordan Kyrou.
2:03 of 3rd period - Shot Misses the Net.
2:18 of 3rd period - Luca Sbisa is hit by Christopher Tanev and loses puck.
2:49 of 3rd period - Shot by Rasmus Asplund.
2:49 of 3rd period - Shot Blocked by Christopher Tanev.
2:51 of 3rd period - Shot by Kevin Shattenkirk.
2:51 of 3rd period - Shot Misses the Net.
2:53 of 3rd period - Shot by Charles Hudon.
2:53 of 3rd period - Goal by Charles Hudon - Flames : 0 - Wilds : 2.
2:54 of 3rd period - Josh Leivo wins face-off versus Anze Kopitar in neutral zone.
3:18 of 3rd period - Mikael Backlund is hit by Nico Sturm and loses puck.
3:23 of 3rd period - Ben Chiarot is hit by Luke Schenn and loses puck.
3:41 of 3rd period - Off-side.
3:42 of 3rd period - Andrew Cogliano wins face-off versus Brandon Sutter in neutral zone.
4:37 of 3rd period - Jesper Fast is hit by Andrew Cogliano and loses puck.
4:50 of 3rd period - Shot by Ryan Nugent-Hopkins.
4:50 of 3rd period - Stopped by Devan Dubnyk without a rebound.
4:51 of 3rd period - Rasmus Asplund wins face-off versus Matthew Tkachuk in Wilds zone.
4:51 of 3rd period - Rasmus Asplund is hit by Matthew Tkachuk.
4:54 of 3rd period - Charles Hudon is hit by Matthew Tkachuk and loses puck.
4:58 of 3rd period - Off-side.
4:59 of 3rd period - Elias Lindholm wins face-off versus Casey Mittelstadt in neutral zone.
5:11 of 3rd period - Shot by Jesper Fast.
5:11 of 3rd period - Shot Blocked by Ryan Nugent-Hopkins.
5:13 of 3rd period - Shot by Casey Mittelstadt.
5:13 of 3rd period - Goal by Casey Mittelstadt - Flames : 0 - Wilds : 3.
5:14 of 3rd period - Rasmus Asplund wins face-off versus Anze Kopitar in neutral zone.
5:16 of 3rd period - Off-side.
5:17 of 3rd period - Elias Lindholm wins face-off versus Drake Batherson in neutral zone.
5:28 of 3rd period - Shot by Elias Lindholm.
5:28 of 3rd period - Stopped by Devan Dubnyk without a rebound.
5:29 of 3rd period - Anze Kopitar wins face-off versus Casey Mittelstadt in Wilds zone.
5:51 of 3rd period - Minor Penalty to Mikael Backlund for Hooking.
5:52 of 3rd period - Nick Bonino wins face-off versus Brandon Sutter in Flames zone.
6:11 of 3rd period - Icing by Kevin Shattenkirk.
6:12 of 3rd period - Nick Bonino wins face-off versus Brandon Sutter in Wilds zone.
6:35 of 3rd period - Shot by Calle Jarnkrok.
6:35 of 3rd period - Shot Misses the Net.
6:39 of 3rd period - Shot by Ethan Bear.
6:39 of 3rd period - Stopped by Mackenzie Blackwood with a rebound.
6:59 of 3rd period - Shot by Colin White.
6:59 of 3rd period - Shot Blocked by Matt Calvert.
7:16 of 3rd period - Off-side.
7:17 of 3rd period - Nick Bonino wins face-off versus Colin White in neutral zone.
7:26 of 3rd period - Christopher Tanev is hit by Nico Sturm and loses puck.
7:39 of 3rd period - Shot by Nick Leddy.
7:39 of 3rd period - Shot Blocked by Christopher Tanev.
7:41 of 3rd period - Shot by Luca Sbisa.
7:41 of 3rd period - Shot Blocked by Ben Chiarot.
7:57 of 3rd period - Shot by Anthony Angello.
7:57 of 3rd period - Stopped by Mackenzie Blackwood with a rebound.
8:00 of 3rd period - Icing by Rasmus Andersson.
8:01 of 3rd period - Elias Lindholm wins face-off versus Brandon Sutter in Flames zone.
8:01 of 3rd period - Elias Lindholm is hit by Drake Batherson.
8:41 of 3rd period - Shot by Elias Lindholm.
8:41 of 3rd period - Stopped by Devan Dubnyk without a rebound.
8:42 of 3rd period - Rasmus Asplund wins face-off versus Anze Kopitar in Wilds zone.
8:53 of 3rd period - Anze Kopitar is hit by Charles Hudon and loses puck.
10:05 of 3rd period - Shot by Jordan Kyrou.
10:05 of 3rd period - Shot Hit the Post.
10:26 of 3rd period - Off-side.
10:27 of 3rd period - Drake Batherson wins face-off versus Elias Lindholm in neutral zone.
10:40 of 3rd period - Shot by Calle Jarnkrok.
10:40 of 3rd period - Shot Misses the Net.
10:42 of 3rd period - Shot by Calle Jarnkrok.
10:42 of 3rd period - Shot Misses the Net.
10:44 of 3rd period - Shot by Calle Jarnkrok.
10:44 of 3rd period - Shot Misses the Net.
10:46 of 3rd period - Shot by Brandon Sutter.
10:46 of 3rd period - Stopped by Mackenzie Blackwood without a rebound.
10:47 of 3rd period - Anze Kopitar wins face-off versus Nico Sturm in Flames zone.
10:47 of 3rd period - Anze Kopitar is hit by Colin White.
11:02 of 3rd period - Icing by Ethan Bear.
11:03 of 3rd period - Elias Lindholm wins face-off versus Nico Sturm in Wilds zone.
11:21 of 3rd period - Shot by Jake McCabe.
11:21 of 3rd period - Shot Blocked by Ethan Bear.
11:23 of 3rd period - Shot by Elias Lindholm.
11:23 of 3rd period - Stopped by Devan Dubnyk without a rebound.
11:24 of 3rd period - Anze Kopitar wins face-off versus Brandon Sutter in Wilds zone.
11:29 of 3rd period - Shot by Max Pacioretty.
11:29 of 3rd period - Shot Misses the Net.
11:39 of 3rd period - Shot by Mikael Backlund.
11:39 of 3rd period - Stopped by Devan Dubnyk without a rebound.
11:40 of 3rd period - Casey Mittelstadt wins face-off versus Elias Lindholm in Wilds zone.
11:40 of 3rd period - Casey Mittelstadt is hit by Elias Lindholm.
11:59 of 3rd period - Minor Penalty to Rasmus Andersson for Roughing.
12:00 of 3rd period - Nick Bonino wins face-off versus Brandon Sutter in Flames zone.
12:12 of 3rd period - Icing by Nick Leddy.
12:13 of 3rd period - Brandon Sutter wins face-off versus Nick Bonino in Wilds zone.
12:13 of 3rd period - Brandon Sutter is hit by Blake Coleman.
12:23 of 3rd period - Nick Bonino is hit by Drake Batherson and loses puck.
13:08 of 3rd period - Christopher Tanev is hit by Jesper Fast and loses puck.
13:33 of 3rd period - Shot by Kevin Shattenkirk.
13:33 of 3rd period - Stopped by Mackenzie Blackwood without a rebound.
13:34 of 3rd period - Nick Bonino wins face-off versus Drake Batherson in Flames zone.
13:53 of 3rd period - Shot by Luca Sbisa.
13:53 of 3rd period - Shot Blocked by Jake McCabe.
14:34 of 3rd period - Icing by Mike Matheson.
14:35 of 3rd period - Elias Lindholm wins face-off versus Casey Mittelstadt in Flames zone.
14:37 of 3rd period - Icing by Ryan Nugent-Hopkins.
14:38 of 3rd period - Casey Mittelstadt wins face-off versus Elias Lindholm in Flames zone.
14:45 of 3rd period - Shot by Jesper Fast.
14:45 of 3rd period - Deflect By Casey Mittelstadt.
14:45 of 3rd period - Shot Misses the Net.
15:12 of 3rd period - Shot by Jesper Fast.
15:12 of 3rd period - Stopped by Mackenzie Blackwood with a rebound.
15:40 of 3rd period - Jesper Fast is hit by Mikael Backlund and loses puck.
15:55 of 3rd period - Shot by Mikael Backlund.
15:55 of 3rd period - Shot Hit the Post.
15:57 of 3rd period - Shot by Christopher Tanev.
15:57 of 3rd period - Goal by Christopher Tanev - Flames : 1 - Wilds : 3.
15:58 of 3rd period - Nick Bonino wins face-off versus Brandon Sutter in neutral zone.
16:00 of 3rd period - Off-side.
16:01 of 3rd period - Brandon Sutter wins face-off versus Blake Coleman in neutral zone.
16:01 of 3rd period - Calle Jarnkrok is hit by Blake Coleman and loses puck.
16:27 of 3rd period - Shot by Calle Jarnkrok.
16:27 of 3rd period - Stopped by Mackenzie Blackwood without a rebound.
16:28 of 3rd period - Nico Sturm wins face-off versus Anze Kopitar in Flames zone.
16:45 of 3rd period - Shot by Max Pacioretty.
16:45 of 3rd period - Stopped by Devan Dubnyk without a rebound.
16:46 of 3rd period - Rasmus Asplund wins face-off versus Andrew Cogliano in Wilds zone.
16:58 of 3rd period - Off-side.
16:59 of 3rd period - Nick Bonino wins face-off versus Brandon Sutter in neutral zone.
17:50 of 3rd period - Off-side.
17:51 of 3rd period - Nico Sturm wins face-off versus Anze Kopitar in neutral zone.
18:18 of 3rd period - Icing by Shayne Gostisbehere.
18:19 of 3rd period - Andrew Cogliano wins face-off versus Nico Sturm in Wilds zone.
19:16 of 3rd period - Shot by Anthony Angello.
19:16 of 3rd period - Stopped by Mackenzie Blackwood without a rebound.
19:17 of 3rd period - Nick Bonino wins face-off versus Brandon Sutter in Flames zone.
19:25 of 3rd period - Off-side.
19:26 of 3rd period - Rasmus Asplund wins face-off versus Anze Kopitar in neutral zone.
19:35 of 3rd period - Shot by Jake McCabe.
19:35 of 3rd period - Shot Misses the Net.
Goals for this period are 1 for Flames vs 2 for Wilds.
Shots for this period are 7 for Flames vs 9 for Wilds.